 Dungeon Crawl Stone Soup version 0.29.0-11-gd7f09526c8 (webtiles) character file.

Game seed: 4161451524038049721

7 NinjaNoafa the Grave Robber (level 1, 0/13 HPs)
             Began as a Demonspawn Necromancer on Sept 6, 2022.
             Slain by a quokka (3 damage)
             ... on level 1 of the Dungeon.
             The game lasted 00:00:31 (260 turns).

NinjaNoafa the Grave Robber (Demonspawn Necromancer) Turns: 260, Time: 00:00:32

Health: 0/13       AC:  2    Str:  8    XL:     1   Next: 83%
Magic:  2/3        EV: 12    Int: 16    God:
Gold:   0          SH:  0    Dex: 13    Spells: 3/4 levels left

rFire   . . .      SeeInvis .   c - +0 dagger
rCold   . . .      Faith    .   (no shield)
rNeg    . . .      Spirit   .   a - +0 robe
rPois   .          Reflect  .   (no helmet)
rElec   .          Harm     .   (no cloak)
rCorr   .          Rampage  .   (no gloves)
Will    .....                   (no boots)
Stlth   ++........              (no amulet)
HPRegen 0.04/turn               (no ring)
MPRegen 0.08/turn               (no ring)

@: no status effects
A: no striking features
a: no special abilities


You were on level 1 of the Dungeon.
You visited 1 branch of the dungeon, and saw 1 of its levels.

Inventory:

Hand Weapons
 c - a +0 dagger (weapon)
Armour
 a - a +0 robe (worn)
Scrolls
 d - a scroll of identify {unknown}
Potions
 e - a potion of attraction {unknown}


   Skills:
 - Level 1.7 Dodging
 - Level 1.7 Stealth
 - Level 2.0 Spellcasting
 + Level 4.8 Necromancy


You had 3 spell levels left.
You knew the following spells:

 Your Spells              Type           Power      Damage    Failure   Level
a - Necrotise             Necr           68%        1d7       2%          1

Your spell library contained the following spells:

 Spells                   Type           Power      Damage    Failure   Level
 Vampiric Draining        Necr           17%        2d7       9%          3
 Animate Dead             Necr           17%        N/A       28%         4
 Agony                    Necr           17%        N/A       61%         5


Dungeon Overview and Level Annotations

Branches:
Dungeon (1/15)

Altars:


Message History

The endoplasm writhes in agony!
You kill the endoplasm!
e - a lumpy golden potion A hobgoblin comes into view.
You can't see any susceptible monsters within range! (Use Z to cast anyway.)
The hobgoblin writhes in agony!
You kill the hobgoblin!
The dead are walking!
You swap places.
A quokka comes into view.
You can't see any susceptible monsters within range! (Use Z to cast anyway.)
The quokka writhes in agony.
The quokka writhes in agony.
You kill the quokka!
The dead are hopping!
Your hobgoblin skeleton crumbles into dust!
You swap places.
Your quokka skeleton crumbles into dust!
A quokka comes into view.
The quokka writhes in agony.
You miscast Necrotise.
You are very lightly contaminated with residual magic.
Nothing appears to happen.
The quokka barely resists.
The quokka twitches its whiskers.
The quokka bites you. The quokka barely misses you.
The quokka attacks as you move away! The quokka bites you.
The quokka attacks as you move away! The quokka bites you.
Your magical contamination has completely faded away.
The quokka bites you.
* * * LOW HITPOINT WARNING * * *
Magic courses through your body. The quokka closely misses you.
You are too injured to fight recklessly!
Casting: Necrotise (safe; 2% risk of failure)
Confirm with . or Enter, or press ? or * to list all spells.
Aiming: Necrotise (safe; 2% risk of failure)
Press: ? - help, Shift-Dir - straight line, f/p - quokka
Aim: a quokka (chance to affect: 87%)
The quokka writhes in agony.
The quokka bites you.
You die...

#.##......##.#.#
#.........##.#.# ...
#..#.....# #[#.### ..#
#..##....###.....# ..#
...###...........## ..#
...###............# ..# .#
.........###......#####..#..#
...###.### #................#
.......# ###..@r..........#
..###### #.##########.### ..#
#.# ..# #.# ..####### #.#
......... #.# .######## #.#
.# #.# .#####


You could see a quokka.

Vanquished Creatures
  An endoplasm (D:1)
  A goblin (D:1)
  A hobgoblin (D:1)
  2 quokkas (D:1)
5 creatures vanquished.

Notes
Turn   | Place    | Note
-------+----------+-------------------------------------------
     0 | D:1      | NinjaNoafa the Demonspawn Necromancer began the quest for
                  | the Orb.
     0 | D:1      | Reached XP level 1. HP: 13/13 MP: 3/3
   260 | D:1      | Slain by a quokka

Illustrated notes

Levels and vault maps discovered:
D:1:      dpeg_arrival_ratfight, layout_loops_ring,
          hellmonk_ecumenical_altar_arch_garden

Action                   || total
-------------------------++-------
Melee: Dagger            ||     3
 Cast: Necrotise         ||     9
  Use: Potion            ||     1
Dodge: Dodged            ||     4
